 Dungeon Crawl Stone Soup version 0.31-a0-740-g87205ac768 (webtiles) character file.

Game seed: 17544112528839368434

833 Newt the Covered (level 7, -3/44 HPs)
             Began as a Gargoyle Fighter on Sept 12, 2023.
             Slain by an ogre
             ... wielding a +0 giant club
              (24 damage)
             ... on level 5 of the Dungeon.
             The game lasted 00:05:22 (5041 turns).

Newt the Covered (Gargoyle Fighter)                 Turns: 5041, Time: 00:05:22

Health: -3/44      AC: 12    Str: 22    XL:     7   Next: 98%
Magic:  7/7        EV:  9    Int:  8    God:
Gold:   224        SH:  5    Dex:  9    Spells: 6/6 levels left

rFire   . . .        t - +10 dagger of Painful Death {heavy, rC++}
rCold   + + .        c - +1 buckler
rNeg    + . .        b - +0 scale mail
rPois   ∞            (no helmet)
rElec   +            (no cloak)
rCorr   .            (no gloves)
SInv    .            (no boots)
Will    .....        g - amulet of magic regeneration Stlth
                     (no ring)
HPRegen 0.27/turn    (no ring)
MPRegen 0.50/turn

%: no passive effects
@: mighty
A: sickness immunity, AC +4, negative energy resistance 1, electricity
resistance, torment resistance 1, petrification resistance
a: no special abilities


You were on level 5 of the Dungeon.
You visited 1 branch of the dungeon, and saw 5 of its levels.

You collected 389 gold pieces.
You spent 165 gold pieces at shops.

Inventory:

Hand Weapons
 a - a +0 flail
 d - a +2 flail of protection
 f - a +2 flail of pain
 t - the +10 dagger of Painful Death (weapon) {heavy, rC++}
   (You found it on level 5 of the Dungeon)

   rC++:      It greatly protects you from cold.
Missiles
 o - 2 boomerangs
 r - 5 poisoned darts
Armour
 b - a +0 scale mail (worn)
 c - a +1 buckler (worn)
Jewellery
 g - an amulet of magic regeneration (around neck)
Wands
 h - a wand of polymorph (7)
Scrolls
 e - 2 scrolls of teleportation
 k - 2 scrolls of revelation
 m - 2 scrolls of summoning {unknown}
 n - 2 scrolls of identify
 s - 2 scrolls of torment
 u - a scroll of noise {unknown}
 x - a scroll of blinking {unknown}
Potions
 i - a potion of attraction {unknown}
 j - a potion of enlightenment
 l - a potion of lignification {unknown}
 p - 2 potions of heal wounds {unknown}
 q - a potion of ambrosia {unknown}
 v - a potion of curing
 w - a potion of mutation
 A - a potion of cancellation {unknown}


   Skills:
 - Level 5.0 Fighting
 - Level 5.0 Maces & Flails
 + Level 3.9 Throwing
 - Level 6.0 Armour
 - Level 3.2 Shields


You had 6 spell levels left.
You didn't know any spells.
Your spell library contained the following spells:

 Spells                   Type           Power      Damage    Failure   Level
 Necrotise                Necr           0%         1d4       78%         1
 Blink                    Tloc           0%         N/A       89%         2
 Lesser Beckoning         Tloc           0%         N/A       89%         2
 Momentum Strike          Conj/Tloc      0%         3d8       89%         2
 Stone Arrow              Conj/Erth      0%         3d7       98%         3
 Vampiric Draining        Necr           0%         2d6       98%         3
 Animate Armour           Summ/Erth      0%         N/A       100%        4
 Agony                    Necr           0%         N/A       100%        5
 Lehudib's Crystal Spear  Conj/Erth      0%         10d2      100%        8


Dungeon Overview and Level Annotations

Branches:
Dungeon (5/15)
 Temple: D:4-7

Altars:
Okawaru
Zin

Shops:
D:5 !


Innate Abilities, Weirdness & Mutations

You are immune to sickness and miasma.
Your stone body is resilient. (AC +4)
You are immune to poison.
You resist negative energy. (rN+)
You are resistant to electric shocks. (rElec)
You are resistant to unholy torment.
You are immune to petrification.


Message History

No target in view!
An ogre comes into view. It is wielding a +0 giant club.
The ogre shouts!
A hound comes into view.
There are monsters nearby!
The hound barks!
A hound comes into view.
The hound barks!
The hound misses you. The hound bites you but does no damage.
You closely miss the hound. You block the hound's attack.
An orc wizard comes into view. It is wielding a +0 dagger.
You block the hound's attack. The ogre attacks as it pursues you!
The ogre hits you with a +0 giant club!!
Ouch! That really hurt!
The hound bites you. The hound attacks as it pursues you!
The hound barely misses you. The ogre attacks as it pursues you!
You block the ogre's attack. The hound closely misses you.
The hound attacks as it pursues you! The hound bites you but does no damage.
The hound attacks as it pursues you! The hound closely misses you. x2
The hound attacks as it pursues you! You block the hound's attack.
The hound bites you but does no damage. The hound bites you but does no damage.
Unknown command.
You closely miss the hound. The hound bites you.
The hound bites you but does no damage.
You hit the hound.
The hound is moderately wounded.
The hound misses you. The hound closely misses you.
You miss the hound.
The hound is moderately wounded.
The hound misses you. The hound bites you but does no damage.
You feel very mighty all of a sudden.
You impale the ogre!!
The ogre is severely wounded.
You hear a shout!
The ogre hits you with a +0 giant club!!
Ouch! That really hurt!
You die...

#####....###.###...# ##.## #
#.##.....#..###....## #..###
##.........####..#..####..##.
#.#...####.###..###..........
####.## #..#..####.#####.###
#.# ##.....# #.## ###.# # #.#
##......###.####...# #
#.###...........##.....# #
#....####@####.....###.# #
#.....###O# #....## #.###
##.......hh# #.##..###..##
#.........## #. ##..##..##
#...#.......##### ##..#....
#.##........##...#.. ##....##
. ..........#....... ##..##
#...###..!..h..... #..# #...
#...#....... ##..##


You could see an ogre and 2 hounds.

Vanquished Creatures
  Edmund (D:5)
  An ogre (D:3)
  A bullfrog (D:5)
  A jelly (D:5)
  2 hounds
  An orc priest (D:4)
  A sleepcap (D:5)
  Jessica (D:2)
  5 orc wizards
  Natasha (D:2)
  An iguana (D:4)
  11 adders
  3 worms
  5 dart slugs
  12 orcs
  10 ball pythons
  4 bats
  7 endoplasms
  2 giant cockroaches
  4 goblins
  5 hobgoblins
  7 jackals
  10 kobolds
  4 quokkas
  3 frilled lizards
  3 rats (D:1)
106 creatures vanquished.

Notes
Turn   | Place    | Note
-------+----------+-------------------------------------------
     0 | D:1      | Newt the Gargoyle Fighter began the quest for the Orb.
     0 | D:1      | Reached XP level 1. HP: 14/14 MP: 1/1
   186 | D:1      | Reached XP level 2. HP: 20/20 MP: 2/2
   852 | D:1      | Reached XP level 3. HP: 24/24 MP: 3/3
  1063 | D:2      | Noticed Jessica
  1080 | D:2      | Killed Jessica
  1081 | D:2      | Reached skill level 5 in Fighting
  1081 | D:2      | Reached XP level 4. HP: 21/31 MP: 4/4
  1301 | D:2      | Identified the +1 dagger of Eczus {speed, Will+ Str-5
                  | Dex+3}
  1836 | D:2      | Noticed Natasha
  1849 | D:2      | Killed Natasha
  1850 | D:2      | Reached XP level 5. HP: 21/35 MP: 5/5
  2445 | D:3      | Noticed an ogre
  2452 | D:3      | Killed an ogre
  2453 | D:3      | Reached skill level 5 in Maces & Flails
  2453 | D:3      | Reached skill level 4 in Armour
  2453 | D:3      | Reached XP level 6. HP: 40/40 MP: 6/6
  2599 | D:3      | Found an iron altar of Okawaru.
  3144 | D:4      | Reached skill level 5 in Armour
  3492 | D:4      | Reached XP level 7. HP: 44/44 MP: 7/7
  3632 | D:5      | Entered Level 5 of the Dungeon
  3633 | D:5      | Noticed Edmund
  3661 | D:5      | Killed Edmund
  3662 | D:5      | Reached skill level 6 in Armour
  3662 | D:5      | Reached skill level 1 in Throwing
  3990 | D:5      | Identified the +10 dagger of Painful Death {heavy, rC++}
  4594 | D:5      | Found Xutrade's Distillery.
  4610 | D:5      | Bought a potion of curing for 45 gold pieces
  4610 | D:5      | Bought a potion of mutation for 120 gold pieces
  4670 | D:5      | Found a glowing silver altar of Zin.
  5041 | D:5      | Slain by an ogre

Illustrated notes

Levels and vault maps discovered:
D:1:      tarquinn_simple_flora_water_e, layout_rooms, serial_rivers,
          chequers_serial_rivers_marsh, chequers_serial_rivers_large_a,
          chequers_serial_rivers_small_3, chequers_serial_rivers_large_b,
          minmay_pentomino_z2
D:2:      layout_basic, kennysheep_generic_room_15, uniq_natasha, uniq_jessica
D:3:      layout_loops_corners, general_overflow_altar
D:4:      layout_rooms
D:5:      layout_layer_cave, marbit_many_paths,
          mainiacjoe_overflow_cross_hatched, lemuel_coloured_pillars_altar,
          serial_shops, nicolae_shop_getting_attention, hangedman_decor_push,
          uniq_edmund

Skill      XL: |  1  2  3  4  5  6  7 |
---------------+----------------------+-----
Fighting       | 4 5 |  5.0
Maces & Flails | 3 5 |  5.0
Armour         | 4 5 6 |  6.0
Throwing       | 3 |  3.9
Shields        | |  3.2

Action                     |  1- 3 |  4- 6 |  7- 9 || total
---------------------------+-------+-------+-------++-------
  Melee: Flail             |    95 |   246 |    35 ||   376
         Dagger            |       |       |    67 ||    67
  Throw: Dart              |       |       |     5 ||     5
    Use: Scroll            |     5 |     4 |       ||     9
         Potion            |       |     3 |     2 ||     5
 Armour: Scale mail        |    64 |   190 |   127 ||   381
  Dodge: Dodged            |    40 |   121 |    35 ||   196
  Block: Buckler           |    21 |    68 |    13 ||   102

Table legend: (Time is in decaauts)
 A = Elapsed time spent in this place.
 B = Non-inter-level travel time spent in this place.
 C = Inter-level travel time spent in this place.
 D = Time resting spent in this place.
 E = Time spent auto-exploring this place.
 F = Levels seen in this place.
 G = Mean time per level.
                   A        B        C        D        E       F      G
               +--------+--------+--------+--------+--------+-----+--------+
         Total |   5216 |   5107 |    109 |   1012 |   3163 |   5 | 1043.2 |
       Dungeon |   5216 |   5107 |    109 |   1012 |   3163 |   5 | 1043.2 |
               +--------+--------+--------+--------+--------+-----+--------+

Top non-repeatable levels by time:
     D:5: 1447 daAuts
     D:1: 1123 daAuts
     D:3: 1090 daAuts
     D:2: 942 daAuts
     D:4: 613 daAuts
